 Dungeon Crawl Stone Soup version 0.28-b1-1-g3c77fb2ed1 (webtiles) character file.

Game seed: 2016009416514129386

58 McKennaii the Conjurer (level 3, -1/26 HPs)
             Began as a Demigod Conjurer on Jan 29, 2022.
             Slain by a water moccasin skeleton (6 damage)
             ... on level 2 of the Dungeon.
             The game lasted 00:01:54 (1851 turns).

McKennaii the Conjurer (Demigod Conjurer)           Turns: 1851, Time: 00:01:54

Health: -1/26      AC:  2    Str:  8    XL:     3   Next: 52%
Magic:  3/9        EV: 12    Int: 24    God:
Gold:   170        SH:  0    Dex: 18    Spells: 5/6 levels left

rFire   . . .      SeeInvis .   e - +2 dagger (venom)
rCold   . . .      Faith    .   (no shield)
rNeg    . . .      Spirit   .   a - +0 robe
rPois   .          Reflect  .   (no helmet)
rElec   .          Harm     .   (no cloak)
rCorr   .          Rampage  .   (no gloves)
Will    .....                   (no boots)
Stlth   ++........              (no amulet)
HPRegen 0.08/turn               i - +6 ring of dexterity
MPRegen 0.11/turn               (no ring)

@: no status effects
A: high mp 1, forlorn, divine attributes
a: no special abilities


You were on level 2 of the Dungeon.
You visited 1 branch of the dungeon, and saw 2 of its levels.

You collected 170 gold pieces.

Inventory:

Hand Weapons
 e - a +2 dagger of venom (weapon)
Armour
 a - a +0 robe (worn)
Jewellery
 i - a +6 ring of dexterity (left hand)
Wands
 h - a wand of acid (6)
Scrolls
 f - 2 scrolls of magic mapping {unknown}
 g - 2 scrolls of amnesia {unknown}
Potions
 b - a potion of flight {unknown}
 c - 2 potions of degeneration {unknown}
 d - a potion of might {unknown}
 j - a potion of curing {unknown}


   Skills:
 - Level 1.7 Dodging
 - Level 1.7 Stealth
 + Level 0.3 Unarmed Combat
 + Level 2.2 Spellcasting
 * Level 4.6 Conjurations


You had 5 spell levels left.
You knew the following spells:

 Your Spells              Type           Power      Damage    Failure   Level
a - Magic Dart            Conj           100%       1d8       1%          1

Your spell library contained the following spells:

 Spells                   Type           Power      Damage    Failure   Level
 Searing Ray              Conj           50%        2d6       2%          2
 Dazzling Flash           Conj/Hex       26%        N/A       14%         3
 Fulminant Prism          Conj/Hex       6%         3d7       41%         4
 Iskenderun's Mystic Bla  Conj/Tloc      13%        2d5       41%         4


Dungeon Overview and Level Annotations

Branches:
Dungeon (2/15)


Innate Abilities, Weirdness & Mutations

You have an increased reservoir of magic. (+10% MP)
You shall have no god before yourself.
Your divine heritage dramatically boosts your attributes as you level up.


Message History

The water moccasin skeleton is lightly damaged.
A water moccasin skeleton is nearby!
The magic dart hits the water moccasin skeleton.
The water moccasin skeleton is lightly damaged.
A water moccasin skeleton is nearby!
The magic dart hits the water moccasin skeleton.
The water moccasin skeleton is moderately damaged.
A water moccasin skeleton is nearby!
The magic dart hits the water moccasin skeleton.
The water moccasin skeleton is heavily damaged.
The water moccasin skeleton bites you.
A water moccasin skeleton is nearby!
The magic dart hits the water moccasin skeleton.
The water moccasin skeleton is heavily damaged.
The water moccasin skeleton bites you.
A water moccasin skeleton is nearby!
The magic dart hits the water moccasin skeleton.
The water moccasin skeleton is heavily damaged.
The water moccasin skeleton bites you.
A water moccasin skeleton is nearby!
The magic dart hits the water moccasin skeleton.
The water moccasin skeleton is severely damaged.
The water moccasin skeleton bites you.
A water moccasin skeleton is nearby!
You are too injured to fight recklessly!
A water moccasin skeleton is nearby!
You are too injured to fight recklessly!
You are too injured to fight recklessly!
The water moccasin skeleton barely misses you.
The water moccasin skeleton misses you.
Casting: Magic Dart (safe; 1% risk of failure)
Confirm with . or Enter, or press ? or * to list all spells.
You don't know that spell.
Unknown command.
The water moccasin skeleton bites you.
* * * LOW HITPOINT WARNING * * *
You hit the water moccasin skeleton.
The water moccasin skeleton is severely damaged.
The water moccasin skeleton bites you.
You die...

###### #####
.....###########...# ######
...................# ......
................#..# .....#
##............##...########..>.#
#†#..........#.#.............#
.#.##......##.#.@Z########.###
..##.#....#.##....# #.#
..#.#.#..#.#.#....# #.#
...#.##..##.#.....# #..
....##....##......# #..
..................# ..##
..................# #.#
....##....##......#
...#.##..##.#.....#


You could see a water moccasin skeleton.

Vanquished Creatures
  2 adders (D:2)
  A worm (D:2)
  4 ball pythons
  4 bats
  5 endoplasms
  A giant cockroach (D:2)
  6 hobgoblins (D:1)
  2 jackals (D:1)
  A frilled lizard (D:1)
  3 goblins
  3 kobolds (D:1)
  4 rats (D:1)
36 creatures vanquished.

Vanquished Creatures (others)
  5 toadstools (D:1)
5 creatures vanquished.

Grand Total: 41 creatures vanquished

Notes
Turn   | Place    | Note
-------+----------+-------------------------------------------
     0 | D:1      | McKennaii the Demigod Conjurer began the quest for the Orb.
     0 | D:1      | Reached XP level 1. HP: 14/14 MP: 5/5
   159 | D:1      | Reached skill level 4 in Conjurations
   248 | D:1      | Reached XP level 2. HP: 20/20 MP: 4/7
  1484 | D:2      | Reached XP level 3. HP: 26/26 MP: 2/8
  1851 | D:2      | Slain by a water moccasin skeleton

Illustrated notes

Levels and vault maps discovered:
D:1:      giann_bridges, layout_basic, shapermc_ecumenical_altar_hornbeckon,
          minmay_splitting_lines, minmay_gold_behind_fungi,
          minmay_misc_feat_rows
D:2:      layout_rooms, basic_altar, minmay_misc_feat_secret_circle,
          minmay_distorted

Skill      XL: |  1  2 |
---------------+-------+-----
Conjurations   | 4 |  4.6
Spellcasting   | 2 |  2.2
Dodging        | |  1.7
Stealth        | |  1.7
Unarmed Combat | |  0.3

Action                   || total
-------------------------++-------
Melee: Unarmed           ||     3
       Dagger            ||     1
 Cast: Magic Dart        ||    80
Armor: Robe              ||     2
Dodge: Dodged            ||     6
